 Dungeon Crawl Stone Soup version 0.31-a0-198-g2ad674f65e (webtiles) character file.

Game seed: 2605653854998175965

312 qw the Skirmisher (level 6, -1/35 HPs)
             Began as a Deep Elf Hunter on June 25, 2023.
             Slain by a gnoll
             ... wielding a +0 halberd
              (11 damage)
             ... on level 5 of the Dungeon.
             The game lasted 00:01:13 (3293 turns).

qw the Skirmisher (Deep Elf Hunter)                 Turns: 3293, Time: 00:01:14

Health: -1/35      AC:  6    Str: 10    XL:     6   Next: 18%
Magic:  8/8        EV: 11    Int: 14    God:
Gold:   273        SH:  0    Dex: 18    Spells: 5/5 levels left

rFire   . . .        Y - +1 shortbow
rCold   . . .        (shield currently unavailable)
rNeg    . . .        h - +1 ring mail
rPois   .            (no helmet)
rElec   .            (no cloak)
rCorr   .            (no gloves)
SInv    .            (no boots)
Will    .....        (no amulet)
Stlth   +            (no ring)
HPRegen 0.25/turn    (no ring)
MPRegen 0.11/turn

%: no passive effects
@: no status effects
A: no striking features
a: no special abilities


You were on level 5 of the Dungeon.
You visited 1 branch of the dungeon, and saw 5 of its levels.

You collected 273 gold pieces.


   Skills:
 - Level 2.1 Fighting
 + Level 9.6 Ranged Weapons
 - Level 2.4 Dodging
 - Level 1.2 Stealth


You had 5 spell levels left.
You didn't know any spells.
Your spell library was empty.

Inventory:

Hand Weapons
 Y - a +1 shortbow (weapon)
Armour
 h - a +1 ring mail (worn)
Wands
 g - a wand of digging (1)
Scrolls
 a - a scroll of identify
Potions
 c - a potion of lignification {unknown}
 i - a potion of brilliance {unknown}

Dungeon Overview and Level Annotations

Branches:
Dungeon (5/15)
 Temple: D:4-7

Altars:
Ashenzari
Gozag
Hepliaklqana
Makhleb
Sif Muna
Vehumet
Zin

Shops:
D:1 :

Annotations:
D:3 3 runed translucent doors, qw's ghost, weakling DEHu


Message History

The arrow hits the phantom but does no damage.
The phantom is almost destroyed.
The phantom hits you.
You shoot an arrow.
The arrow hits the phantom but does no damage.
The phantom is almost destroyed.
The phantom barely misses you.
You shoot an arrow. The arrow closely misses the phantom.
The phantom hits you.
The phantom blinks!
You blink.
Found a potion of heal wounds.
You shoot an arrow. The arrow barely misses the phantom.
The phantom hits you.
The phantom blinks!
You blink.
A gnoll comes into view. It is wielding a +0 halberd.
Found a stone staircase leading down.
You shoot an arrow. The arrow hits the phantom!
You destroy the phantom!
The gnoll shouts!
A gnoll comes into view. It is wielding a +0 spear.
A gnoll comes into view. It is wielding a +0 club.
You have reached level 6!
You shoot an arrow. The gnoll shouts! x2
The arrow hits the gnoll.
The gnoll is heavily wounded.
You shoot an arrow. The arrow closely misses the iguana.
A gnoll comes into view. It is wielding a +0 halberd.
3290 ||| Stepping ~*~*~tactically~*~*~ (outnumbered).
The gnoll shouts!
You shoot an arrow.
The arrow hits the iguana but does no damage.
The iguana closely misses you.
The gnoll hits you from afar with a +0 halberd.
You shoot an arrow. The arrow barely misses the iguana.
The iguana bites you but does no damage.
The gnoll closely misses you.
You shoot an arrow. The arrow hits the iguana.
The iguana is lightly wounded.
The iguana bites you!
The gnoll hits you from afar with a +0 halberd!
You die...

## .# .# .# #.# ## #.#
....####.###
.....g!.l..# ##
>....##@##.##.
...g.g..##...
.......###.)#
........##l¤#
..........¤.#
##.##...###.#####
#.##.... ..#...
#.#########.###..#
##..#
#......<....l....####.#


You could see an iguana and 3 gnolls.

Vanquished Creatures
  A phantom (D:5)
  A hound (D:4)
  A sleepcap (D:4)
  An orc wizard (D:4)
  6 adders
  2 worms
  2 dart slugs
  5 orcs
  7 endoplasms
  6 giant cockroaches
  8 goblins
  11 hobgoblins
  4 jackals (D:2)
  3 quokkas
  6 ball pythons
  5 bats
  A frilled lizard (D:1)
  6 kobolds
  10 rats
86 creatures vanquished.

Notes
Turn   | Place    | Note
-------+----------+-------------------------------------------
     0 | D:1      | qw the Deep Elf Hunter began the quest for the Orb.
     0 | D:1      | Reached XP level 1. HP: 12/12 MP: 3/3
     0 | D:1      | 0 ||| qw: Version: 0.3-a-22-g0ed2b0b
     0 | D:1      | 0 ||| qw: Game counter: 4876
     0 | D:1      | 0 ||| qw: Melee chars always use a shield: true
     0 | D:1      | 0 ||| qw: God list: Okawaru
     0 | D:1      | 0 ||| qw: Allow faded altars: false
     0 | D:1      | 0 ||| qw: Do Orc after clearing Dungeon:15 true
     0 | D:1      | 0 ||| qw: Do second Lair branch before Depths: true
     0 | D:1      | 0 ||| qw: Lair rune preference: random
     0 | D:1      | 0 ||| qw: Goals: Normal
     0 | D:1      | 0 ||| PLANNING D:1-11
    95 | D:1      | Reached XP level 2. HP: 16/16 MP: 4/4
    96 | D:1      | Reached skill level 6 in Ranged Weapons
   101 | D:1      | Found a faded altar of an unknown god.
   126 | D:1      | Found Xacziste's Book Boutique.
   570 | D:1      | 570 ||| UPGRADING to +0 ring mail.
   580 | D:1      | 580 ||| DROPPING +0 leather armour.
   581 | D:1      | 581 ||| READING 2 scrolls labelled GIUZAY ORINKYSH.
   582 | D:1      | 582 ||| READING scroll labelled XESTOF FEJIN.
   583 | D:1      | 583 ||| READING scroll labelled YWNUESCH XEODA.
   584 | D:1      | 584 ||| DROPPING scroll of butterflies.
   660 | D:2      | 660 ||| STAIRDANCE
   692 | D:2      | Reached XP level 3. HP: 20/20 MP: 5/5
   847 | D:2      | Reached skill level 7 in Ranged Weapons
  1049 | D:2      | Reached XP level 4. HP: 23/25 MP: 6/6
  1305 | D:2      | 1305 ||| READING scroll labelled ZAPULIUNIE.
  1310 | D:2      | 1310 ||| DRINKING 2 fizzy green potions.
  1455 | D:3      | Found a shimmering blue altar of Sif Muna.
  1455 | D:3      | Found a radiant altar of Vehumet.
  1468 | D:3      | Found a broken altar of Ashenzari.
  1471 | D:3      | Found a hazy altar of Hepliaklqana.
  1652 | D:3      | Reached skill level 8 in Ranged Weapons
  2099 | D:3      | Found a burning altar of Makhleb.
  2171 | D:3      | Found a runed translucent gate.
  2173 | D:3      | Found a runed translucent gate.
  2173 | D:3      | Found a runed translucent gate.
  2176 | D:3      | Noticed qw's ghost (weakling DEHu)
  2303 | D:3      | 2303 ||| READING scroll labelled BOAJAM HISID.
  2304 | D:3      | 2304 ||| DRINKING 2 glowing black potions.
  2305 | D:3      | 2305 ||| READING 2 scrolls of identify.
  2305 | D:3      | 2305 ||| IDENTIFYING metallic silvery potion
  2306 | D:3      | 2306 ||| DROPPING potion of magic.
  2307 | D:3      | 2307 ||| DROPPING potion of invisibility.
  2421 | D:4      | HP: 4/25 [sleepcap (4)]
  2422 | D:4      | 2422 ||| DRINKING 2 potions of heal wounds.
  2424 | D:4      | 2424 ||| DRINKING potion of heal wounds.
  2427 | D:4      | Reached XP level 5. HP: 29/29 MP: 7/7
  2563 | D:4      | Reached skill level 9 in Ranged Weapons
  2563 | D:4      | 2563 ||| DROPPING +4 sling.
  2717 | D:4      | Found a glowing silver altar of Zin.
  2845 | D:4      | Found an opulent altar of Gozag.
  2919 | D:4      | 2919 ||| READING scroll of enchant armour.
  2919 | D:4      | 2919 ||| ENCHANTING +0 ring mail.
  3124 | D:4      | 3124 ||| READING scroll labelled AHAWABL ONEQI.
  3125 | D:4      | 3125 ||| READING scroll labelled HEOXEI JEATOQI.
  3126 | D:4      | 3126 ||| READING scroll labelled VIANIXZ OGHU.
  3127 | D:4      | 3127 ||| READING scroll labelled GAM DENAHOD.
  3129 | D:4      | 3129 ||| Stepping ~*~*~tactically~*~*~ (cloud).
  3235 | D:5      | Entered Level 5 of the Dungeon
  3262 | D:5      | Noticed a phantom
  3287 | D:5      | Killed a phantom
  3288 | D:5      | Reached XP level 6. HP: 21/35 MP: 8/8
  3290 | D:5      | 3290 ||| Stepping ~*~*~tactically~*~*~ (outnumbered).
  3293 | D:5      | Slain by a gnoll

Levels and vault maps discovered:
D:1:      dpeg_arrival_round_a, layout_rooms, serial_shops, shop,
          hellmonk_ecumenical_altar_heavens_door
D:2:      layout_loops_ring
D:3:      cheibrodos_greedy_goblins, layout_loops_ring, lightli_temple_of_fire,
          grunt_temple_overflow_cloverleaf, gammafunk_ghost_necromancy
D:4:      nicolae_cairo_tiling, layout_basic,
          pdpol_temple_overflow_zin_treasury_gozag_greed
D:5:      minmay_general_purpose_star, layout_loops_cross,
          grunt_temple_overflow_growth_and_decay,
          nicolae_overflow_hidden_temple, minmay_temple_entry_wispy,
          biasface_ghost_orc_armoury

Skill      XL: |  1  2  3  4  5 |
---------------+----------------+-----
Ranged Weapons | 6 7 8 9 |  9.6
Fighting       | 2 |  2.1
Dodging        | |  2.4
Stealth        | |  1.2

Action                     |  1- 3 |  4- 6 || total
---------------------------+-------+-------++-------
   Fire: Shortbow          |   119 |   173 ||   292
    Use: Scroll            |     3 |     8 ||    11
         Potion            |       |     4 ||     4
 Armour: Ring mail         |    12 |    38 ||    50
         Leather armour    |     1 |       ||     1
  Dodge: Dodged            |    13 |    39 ||    52

Table legend:
 A = Non-vault XP
 B = Vault XP
 C = Vault XP percentage of total XP
 D = Non-vault monster count
 E = Vault monster count
 F = Vault count percentage of total count
                 A         B        C        D         E       F
            +---------+---------+-------+---------+---------+-------
      Total |     437 |      10 |   2.2 |      81 |       5 |   5.8
            +---------+---------+-------+---------+---------+-------
        D:1 |      35 |       0 |   0.0 |      20 |       0 |   0.0
        D:2 |      79 |       0 |   0.0 |      26 |       0 |   0.0
        D:3 |      60 |      10 |  14.3 |      20 |       5 |  20.0
        D:4 |     147 |       0 |   0.0 |      12 |       0 |   0.0
        D:5 |     116 |       0 |   0.0 |       3 |       0 |   0.0
            +---------+---------+-------+---------+---------+-------
